 Dungeon Crawl Stone Soup version 0.28.0-53-g5a82cb258f (console) character file.

Game seed: 8223510831497442242

21241 erker the Transmogrifier (level 12, -1/88 HPs)
             Began as an Octopode Earth Elementalist on July 15, 2022.
             Was an Initiate of Gozag.
             Slain by a blink frog (2 damage)
             ... on level 4 of the Lair of Beasts.
             The game lasted 01:41:14 (20167 turns).

erker the Transmogrifier (OpEE)                    Turns: 20167, Time: 01:41:15

Health: -1/88      AC: 10    Str:  9    XL:     12   Next: 87%
Magic:  14/22      EV: 13    Int: 21    God:    Gozag
Gold:   2778       SH:  0    Dex: 18    Spells: 12/25 levels left

rFire   x . .      SeeInvis .     - Unarmed
rCold   + + +      Faith    .   (shield currently unavailable)
rNeg    . . .      Spirit   .   (helmet currently unavailable)
rPois   +          Reflect  .   q - amulet of the acrobat
rElec   .          Harm     .   G - ring of poison resistance
rCorr   +          Rampage  .   J - ring of resist corrosion
Will    .....                   e - ring of protection from cold
Stlth   ++++......              U - +4 ring of slaying
HPRegen 0.24/turn               O - +6 ring of dexterity
MPRegen 0.18/turn               (no ring)
                                (no ring)
                                (no ring)

@: ice-form, marked, gold aura, invisible
A: freezing attack, boosted hp, almost no armour, amphibious, 8 rings, large,
(camouflage 1), (gelatinous body 1), (nimble swimmer 1), (tentacles), no potion
heal 1
a: End Transformation, Renounce Religion, Potion Petition, Call Merchant, Bribe
Branch


You were on level 4 of the Lair of Beasts.
You worshipped Gozag.
Gozag was most pleased with you.
You were a creature of crystalline ice.
You visited 3 branches of the dungeon, and saw 16 of its levels.

You collected 2873 gold pieces.
You spent 46 gold pieces at shops.
You paid 49 gold pieces to Gozag.

Inventory:

Hand Weapons
 a - a +2 dagger of protection (melded)
 b - a +1 short sword of freezing
 C - a +0 hand crossbow
 N - a +1 dagger of holy wrath
Missiles
 c - 101 stones
 o - 22 poisoned darts (quivered)
 x - 103 sling bullets
 R - a throwing net
Armour
 l - a +2 hat (melded)
 z - an orb of energy
 A - an orb of light
 V - a +0 buckler (melded)
Magical Staves
 B - a staff of fire
Jewellery
 e - a ring of protection from cold (on tentacle)
 q - an amulet of the acrobat (around neck)
 G - a ring of poison resistance (left front paw)
 J - a ring of resist corrosion (right front paw)
 M - a ring of flight
 O - a +6 ring of dexterity (on tentacle)
 U - a +4 ring of slaying (on tentacle)
Wands
 f - a wand of paralysis (4)
 i - a wand of flame (10)
 y - a wand of iceblast (9)
 S - a wand of acid (3)
Scrolls
 m - 3 scrolls of brand weapon
 p - 2 scrolls of fog
 s - 3 scrolls of enchant weapon
 t - a scroll of holy word
 u - 3 scrolls of magic mapping
 w - 5 scrolls of amnesia
 D - a scroll of vulnerability
 I - a scroll of immolation
 L - a scroll of torment
Potions
 d - a potion of cancellation
 g - 2 potions of lignification
 h - 2 potions of might
 j - 4 potions of curing
 k - 4 potions of mutation
 r - 2 potions of degeneration {unknown}
 v - a potion of invisibility
 E - a potion of flight {unknown}
 F - 3 potions of attraction
 H - a potion of haste {unknown}
 K - 2 potions of brilliance {unknown}
 P - a potion of ambrosia {unknown}
 Q - 2 potions of magic {unknown}
 T - 2 potions of berserk rage {unknown}
Miscellaneous
 n - a condenser vane


   Skills:
 - Level 4.0 Fighting
 - Level 4.0 Short Blades
 - Level 6.0 Dodging
 - Level 8.0 Stealth
 - Level 2.0 Unarmed Combat
 + Level 7.3 Spellcasting
 - Level 2.0 Translocations
 + Level 12.7 Transmutations
 - Level 4.0 Ice Magic
 + Level 10.9 Earth Magic


You had 12 spell levels left.
You knew the following spells:

 Your Spells              Type           Power      Damage    Failure   Level
a - Sandblast             Erth           100%       2d20      1%          1
b - Blink                 Tloc           32%        N/A       6%          2
p - Petrify               Tmut/Erth      55%        N/A       1%          4
w - Passwall              Tmut/Erth      45%        N/A       1%          2
y - Ice Form              Ice/Tmut       42%        N/A       2%          4

Your spell library contained the following spells:

 Spells                   Type           Power      Damage    Failure   Level
 Stone Arrow              Conj/Erth      60%        3d10      2%          3
 Frozen Ramparts          Ice            48%        1d6       4%          3
 Magic Dart               Conj           28%        1d4       9%          1
 Gell's Gravitas          Tloc           16%        N/A       12%         3
 Lesser Beckoning         Tloc           16%        N/A       12%         3
 Teleport Other           Tloc           16%        N/A       12%         3
 Call Imp                 Summ           7%         N/A       13%         2
 Dazzling Flash           Conj/Hex       14%        N/A       26%         3
 Mephitic Cloud           Conj/Pois/Air  7%         N/A       26%         3
 Summon Ice Beast         Ice/Summ       16%        N/A       36%         4
 Manifold Assault         Tloc           16%        N/A       71%         5
 Agony                    Necr           7%         N/A       94%         5
 Silence                  Hex/Air        3%         N/A       94%         5


Dungeon Overview and Level Annotations

Branches:
Dungeon (11/15)            Temple (1/1) D:5            Lair (4/6) D:11
 Shoals (0/4) Lair:2       Spider (0/4) Lair:2          Orc (0/2) D:10

Altars:
Ashenzari
Cheibriados
Dithmenos
Elyvilon
Fedhas
Gozag
Hepliaklqana
Kikubaaqudgha
Makhleb
Nemelex Xobeh
Okawaru
Qazlal
Ru
Sif Muna
Trog
Uskayaw
Vehumet
Wu Jian
Xom
Yredelemnul
Zin
The Shining One

Shops:
D:4 *

Annotations:
D:4 1 runed translucent door, Desron's ghost, amateur MiBe
D:7 exclusion: killer bee, Harold
D:8 Erica
D:9 3 runed translucent doors, exclusion: door, Flogoulo's ghost, novice DrTm
Lair:2 exclusion: hydra


Innate Abilities, Weirdness & Mutations

You are a creature of crystalline ice.
You have a powerful freezing melee attack.
Your maximum health is increased.
Your armour is entirely melded.
You are incapable of wielding weapons or throwing items.
You cannot wear most types of armour.
You are amphibious.
You can wear up to eight rings at the same time.
((Your skin changes colour to match your surroundings (Stealth+).))
((Your rubbery body absorbs attacks. (AC +1, EV +1)))
((You are camouflaged when in or above water. (Stealth+)))
((You have tentacles for arms and can constrict up to eight enemies at once.))
Potions are less effective at restoring your health.


Message History

Press: ? - help, Shift-Dir - straight line, f - blink frog
Aim: a blink frog (water, moderately wounded, 71% to hit)
The blast of sand hits the blink frog!
The blink frog is severely wounded.
c - 101 stones The wolf bites the plant.
The blink frog hits you!
* * * LOW HITPOINT WARNING * * *
The blink frog blinks!
The blink frog hits you!
* * * LOW HITPOINT WARNING * * *
The wolf bites the plant!
The blink frog barely misses you.
Your system partially rejects the healing.
You feel much better.
A nearby plant withers and dies.
The blink frog is distracted by your dazzling golden aura.
The blink frog closely misses you.
You fade into invisibility!
The blink frog is no longer moving slowly.
The blink frog blinks!
The blink frog hits you but does no damage.
Okay, then.
Unknown command.
Unknown command.
Unknown command.
As you read the scroll of fog, it crumbles to dust.
The scroll dissolves into smoke.
The blink frog is no longer distracted by gold.
The blink frog misses you.
The blink frog blinks!
The blink frog barely misses you.
The blink frog blinks!
Casting: Sandblast (safe; 1% risk of failure)
Confirm with . or Enter, or press ? or * to list all spells.
Aiming: Petrify (mildly dangerous; 1% risk of failure)
Press: ? - help, Shift-Dir - straight line, f - komodo dragon, p - blink frog
Aim: a komodo dragon (purple smoke, water, chance to affect: 57%)
The komodo dragon resists with significant effort.
A nearby plant withers and dies.
The blink frog hits you but does no damage.
The komodo dragon bites you!
* * * LOW HITPOINT WARNING * * *
The blink frog hits you.
You die...
Your body crumbles into a pile of gold.

....... .. ...##..
#. #......###.
.......≈≈.#♣♣♣♣♣
.....≈≈P≈≈≈≈≈≈≈♣♣
##...≈≈≈≈PP≈≈≈≈P♣
.....≈≈≈≈≈≈§§§≈≈♣♣
#....≈P≈≈≈≈≈F§§≈≈♣♣
P....≈≈P≈≈h§FY§≈P≈♣
.......≈≈PY≈§l§≈≈≈♣
......PP≈≈≈≈≈F≈≈≈P♣
.....P≈≈≈≈h≈≈≈≈≈P≈♣
.....≈≈≈PY≈≈≈≈≈P≈♣♣
.....≈≈Y≈≈≈≈≈≈≈♣♣♣
.....P≈Y≈≈≈≈≈♣♣♣
.....≈#..##♣♣♣
).........


You could see a komodo dragon, 4 yaks, 3 blink frogs and a wolf.

Vanquished Creatures
  2 two-headed ogres
  A cyclops (D:9)
  2 black mambas
  2 centaur zombies
  A manticore (Lair:2)
  2 torpor snails
  7 cane toads
  5 komodo dragons
  A wind drake (Lair:2)
  2 trolls
  A hornet (D:9)
  8 blink frogs
  25 yaks
  A wraith (D:11)
  4 wyverns
  A steam dragon (D:7)
  A vampire mosquito (D:7)
  3 basilisks
  19 water moccasins
  9 orc warriors
  An ice beast (D:7)
  A necrophage (D:4)
  6 ogres
  3 centaurs
  16 wolves
  A kobold brigand (D:7)
  9 bullfrogs
  A gnoll sergeant (D:9)
  2 scorpions
  A wight (D:8)
  A bullfrog zombie (D:5)
  A hound (D:6)
  A gnoll shaman (D:6)
  A jelly (D:4)
  A bullfrog skeleton (D:7)
  7 orc priests
  Crazy Yiuf (D:5)
  2 centaur skeletons
  Terence (D:2)
  Natasha (thrice) (D:2)
  6 iguanas
  11 orc wizards
  A killer bee zombie (D:7)
  2 howler monkey zombies
  9 gnolls
  2 howler monkey skeletons (D:4)
  5 adders
  A shadow imp (D:6)
  2 white imps
  4 ufetubi
  4 worms
  3 dart slugs
  65 orcs
  5 bats
  6 endoplasms
  8 giant cockroaches
  3 goblins
  7 hobgoblins
  9 quokkas
  3 ball pythons
  7 frilled lizards
  7 kobolds
  A rat (D:1)
328 creatures vanquished.

Vanquished Creatures (others)
  53 fungi
  89 plants
  2 withered plants (D:4)
144 creatures vanquished.

Grand Total: 472 creatures vanquished

Notes
Turn   | Place    | Note
-------+----------+-------------------------------------------
     0 | D:1      | erker the Octopode Earth Elementalist began the quest for
                  | the Orb.
     0 | D:1      | Reached XP level 1. HP: 11/11 MP: 3/3
   320 | D:1      | Reached skill level 1 in Short Blades
   320 | D:1      | Reached XP level 2. HP: 17/17 MP: 5/5
   784 | D:1      | Found a faded altar of an unknown god.
  1250 | D:2      | Reached XP level 3. HP: 21/21 MP: 6/6
  1252 | D:2      | Noticed Natasha
  1590 | D:2      | Killed Natasha
  1591 | D:2      | Reached XP level 4. HP: 24/27 MP: 3/7
  1624 | D:2      | Learned a level 2 spell: Passwall
  1627 | D:2      | Learned a level 2 spell: Blink
  1909 | D:2      | Noticed Terence
  1921 | D:2      | Killed Terence
  1922 | D:2      | Reached skill level 2 in Transmutations
  1930 | D:2      | Noticed Natasha
  1980 | D:2      | Killed Natasha
  1981 | D:2      | Reached XP level 5. HP: 15/31 MP: 5/8
  2105 | D:2      | Noticed Natasha
  2110 | D:2      | Killed Natasha
  2111 | D:2      | Reached skill level 3 in Transmutations
  3264 | D:4      | Reached skill level 4 in Transmutations
  3264 | D:4      | Reached XP level 6. HP: 36/36 MP: 6/9
  3308 | D:4      | Found Hetwub's Assorted Antiques.
  3374 | D:4      | Learned a level 4 spell: Petrify
  3401 | D:4      | Found a runed translucent door.
  3402 | D:4      | Noticed Desron's ghost (amateur MiBe)
  3534 | D:4      | Reached skill level 1 in Translocations
  3923 | D:4      | Reached skill level 5 in Earth Magic
  4134 | D:4      | Reached XP level 7. HP: 33/41 MP: 8/10
  4274 | D:5      | Entered Level 5 of the Dungeon
  4319 | D:5      | Found a staircase to the Ecumenical Temple.
  4328 | Temple   | Entered the Ecumenical Temple
  4530 | Temple   | Became a worshipper of Gozag Ym Sagoz the Greedy
  4785 | D:5      | Found a sacrificial altar of Ru.
  5363 | D:5      | Reached skill level 5 in Transmutations
  5748 | D:5      | Reached skill level 6 in Transmutations
  5850 | D:5      | Found a runed translucent door.
  5851 | D:5      | Noticed Crazy Yiuf
  6273 | D:6      | Reached XP level 8. HP: 46/46 MP: 11/11
  6456 | D:6      | HP: 2/46 [white imp/puff of frost (8)]
  7673 | D:7      | Noticed a wyvern
  7681 | D:7      | Killed a wyvern
  7730 | D:7      | Reached XP level 9. HP: 51/51 MP: 7/15
  7887 | D:7      | Reached skill level 7 in Transmutations
  7990 | D:7      | Noticed a two-headed ogre
  8180 | D:7      | Killed a two-headed ogre
  8181 | D:7      | Reached skill level 8 in Transmutations
  8481 | D:7      | Reached skill level 5 in Stealth
  9004 | D:8      | Noticed Erica
  9144 | D:8      | Reached skill level 5 in Spellcasting
  9177 | D:8      | Reached skill level 9 in Transmutations
  9261 | D:8      | Reached XP level 10. HP: 32/56 MP: 10/17
  9641 | D:8      | Gained mutation: Potions are less effective at restoring
                  | your health. [potion of mutation]
 10002 | D:8      | Reached skill level 10 in Transmutations
 10051 | D:7      | Noticed Harold
 10344 | D:9      | Noticed a cyclops
 10544 | D:9      | Killed a cyclops
 10880 | D:9      | Noticed Flogoulo's ghost (novice DrTm)
 10882 | D:9      | Found a runed translucent gate.
 10882 | D:9      | Found a runed translucent gate.
 10882 | D:9      | Found a runed translucent gate.
 11362 | D:9      | Reached skill level 10 in Earth Magic
 11694 | D:9      | Reached skill level 1 in Fighting
 12327 | D:4      | Bought a scroll labelled ZAKAHENWEI for 23 gold pieces
 12327 | D:4      | Bought a scroll labelled JIR PUNUINODGH for 23 gold pieces
 12553 | D:5      | Killed Crazy Yiuf
 12888 | D:10     | Entered Level 10 of the Dungeon
 13208 | D:9      | Reached XP level 11. HP: 28/64 MP: 16/19
 14215 | D:10     | Found a staircase to the Orcish Mines.
 14555 | D:11     | Learned a level 4 spell: Ice Form
 14851 | D:11     | Reached skill level 1 in Ice Magic
 15030 | D:11     | Noticed a two-headed ogre
 15046 | D:11     | Killed a two-headed ogre
 15047 | D:11     | Reached skill level 11 in Transmutations
 16076 | D:11     | Found a staircase to the Lair.
 16221 | Lair:1   | Entered Level 1 of the Lair of Beasts
 16285 | Lair:1   | Reached skill level 12 in Transmutations
 17010 | Lair:1   | Reached skill level 1 in Unarmed Combat
 17521 | Lair:2   | Reached XP level 12. HP: 72/72 MP: 21/21
 17521 | Lair:2   | Noticed a seven-headed hydra
 17717 | Lair:2   | Found a staircase to the Shoals.
 18048 | Lair:2   | Found a hole to the Spider Nest.
 18808 | Lair:3   | Reached skill level 5 in Dodging
 19449 | Lair:3   | You fall into a shaft and drop 1 floor!
 20163 | Lair:4   | HP: 4/88 [blink frog (14)]
 20167 | Lair:4   | HP: 1/88 [komodo dragon (14)]
 20167 | Lair:4   | Slain by a blink frog

Illustrated notes

Levels and vault maps discovered:
D:1:      dpeg_arrival_line_fractal, layout_rooms,
          shapermc_ecumenical_altar_venn, st_stairs_13, roderic_lattice_a
D:2:      layout_loops_ring, st_stairs_4, hangedman_decor_clover_reticule,
          uniq_natasha, uniq_terence
D:3:      layout_rooms, corexii_item_surrounded_by_moat
D:4:      layout_gridville, gammafunk_ghost_grave, serial_shops, shop,
          serial_bayou_lagoon_b
D:5:      layout_loops_ring, nicolae_ru_the_path_less_chosen,
          lemuel_temple_firewalk_b, uniq_crazy_yiuf_cottage
D:6:      layout_loops_ring
D:7:      layout_rooms, st_stairs_5, minmay_chambers_of_fives, uniq_harold
D:8:      layout_loops_cross, special_room [special_room_orc], minmay_holes,
          uniq_erica
D:9:      layout_roguey, gammafunk_ghost_spectres
D:10:     layout_cave_pools, david_orc_4, chequers_jeans
D:11:     layout_loops_corners, due_lair_maze_entry_diamond
Temple:   mainiacjoe_temple_archimedes_tessellation
Lair:1:   layout_roguey, nicolae_quartered_pool_impasse,
          grunt_forest_small_clearings
Lair:2:   layout_gridlike, minmay_shoals_entry_beasts,
          nicolae_spider_entry_non_spiders, chequers_serial_rivers_micro_b
Lair:3:   layout_loops_ring, serial_bayou_shore_b, lemuel_fruit_tree
Lair:4:   layout_small_grid, serial_bayou_shore_a

Skill      XL: |  1  2  3  4  5  6  7  8  9 10 11 12 |
---------------+-------------------------------------+-----
Stealth        | 3 4 6 8 |  8.0
Short Blades   | 1 2 3 4 |  4.0
Earth Magic    | 4 5 6 8 10 | 10.9
Transmutations | 2 4 6 9 10 12 | 12.7
Translocations | 1 2 |  2.0
Spellcasting   | 4 5 6 7 |  7.3
Fighting       | 2 4 |  4.0
Dodging        | 3 4 6 |  6.0
Ice Magic      | 2 4 |  4.0
Unarmed Combat | 1 2 |  2.0

Action                   |  1- 3 |  4- 6 |  7- 9 | 10-12 || total
-------------------------+-------+-------+-------+-------++-------
Melee: Dagger            |    41 |    78 |   212 |   320 ||   651
       Tentacles         |     9 |    28 |    61 |   109 ||   207
       Constrict         |    10 |    23 |    40 |    54 ||   127
       Punch             |     1 |     1 |     5 |     7 ||    14
       Short sword       |       |       |     6 |    17 ||    23
       Unarmed           |       |       |       |   169 ||   169
Throw: Dart              |       |       |       |    12 ||    12
 Cast: Sandblast         |     9 |    27 |    46 |    89 ||   171
       Passwall          |       |    10 |    14 |    16 ||    40
       Petrify           |       |       |    19 |   100 ||   119
       Ice Form          |       |       |       |    22 ||    22
 Abil: End Transformatio |       |       |       |     6 ||     6
Evoke: Wand              |       |       |     7 |    15 ||    22
  Use: Scroll            |       |       |     1 |    21 ||    22
       Potion            |       |       |     2 |     4 ||     6
 Stab: Sleeping          |    10 |    15 |    15 |    18 ||    58
       Petrified         |       |       |    37 |   150 ||   187
       Paralysed         |       |       |     4 |     2 ||     6
       Distracted        |       |       |     1 |     3 ||     4
       Petrifying        |       |       |       |    10 ||    10
Armor: Skin              |     1 |     8 |    25 |   106 ||   140
Dodge: Dodged            |    25 |    40 |   141 |   277 ||   483
Block: Buckler           |       |       |       |     4 ||     4
